 Dungeon Crawl Stone Soup version 0.18.1-48-g4cf74bf (console) character file.

441 Kloppie the Shooter (level 6, -3/52 HPs)
             Began as a Minotaur Hunter on July 6, 2016.
             Slain by Pikel
             ... wielding a +0 whip of freezing
              (6 damage)
             ... on level 3 of the Dungeon.
             The game lasted 00:08:00 (4922 turns).

Kloppie the Shooter (Minotaur Hunter)               Turns: 4922, Time: 00:08:01

Health: -3/52      AC:  9    Str: 17    XL:     6   Next: 71%
Magic:  5/5        EV:  7    Int:  8    God:
Gold:   148        SH:  0    Dex: 12    Spells: 0 memorised, 5 levels left

rFire  . . .     SeeInvis .     b - +0 trident (holy)
rCold  . . .     Gourm    .     k - +1 chain mail
rNeg   . . .     Faith    .     (no shield)
rPois  .         Spirit   .     (helmet restricted)
rElec  .         Dismiss  .     (no cloak)
rCorr  .         Reflect  .     (no gloves)
SustAt .         Harm     .     (no boots)
MR     .....                    (no amulet)
Stlth  ..........               (no ring)
                                (no ring)

@: not resistant to hostile enchantments, extremely unstealthy
A: retaliatory headbutt, horns 2
a: no special abilities


You were on level 3 of the Dungeon.
You were not hungry.

You visited 1 branch of the dungeon, and saw 4 of its levels.
You also visited: Sewer.

You collected 148 gold pieces.

Inventory:

Hand Weapons
 a - a +1 shortbow
 b - a +0 trident of holy wrath (weapon)
Missiles
 d - 70 arrows
Armour
 k - a +1 chain mail (worn)
Jewellery
 q - a +5 ring of dexterity {unknown}
 r - an uncursed ring of magical power {unknown}
Wands
 c - a wand of teleportation (4/9)
 p - a wand of iceblast (5/15)
 s - a wand of slowing (23/48)
Scrolls
 e - a scroll of fear
 i - a scroll of enchant armour
 o - a scroll of identify
Potions
 m - a potion of haste
Comestibles
 f - 4 bread rations
 h - 3 beef jerkies
 j - a meat ration
 l - a slice of pizza


   Skills:
 + Level 4.1 Fighting
   Level 1.7 Maces & Flails
 + Level 4.0 Polearms
 - Level 4.3 Bows
 + Level 2.4 Armour
 - Level 2.1 Dodging
 + Level 4.0 Stealth


You had 5 spell levels left.
You didn't know any spells.

Dungeon Overview and Level Annotations

Branches:
Dungeon (4/15)
 Temple: D:4-7

Altars:
Makhleb
Ru
Xom
Zin

Annotations:
D:3 Pikel


Innate Abilities, Weirdness & Mutations

You reflexively headbutt those who attack you in melee.
You have a pair of horns on your head.


Message History

You hit Pikel. Your headbutt misses Pikel.
Pikel is almost dead.
Pikel hits you but does no damage.
All of the chunks of flesh in your inventory have rotted away.
You barely miss Pikel.
Pikel is almost dead.
Pikel hits you but does no damage. Pikel hits you with a whip of freezing.
* * * LOW HITPOINT WARNING * * *
Pikel freezes you.
* * * LOW HITPOINT WARNING * * *
You hit Pikel but do no damage. You headbutt Pikel, but do no damage.
Pikel is almost dead.
Pikel hits you but does no damage.
You closely miss Pikel.
Pikel is almost dead.
Pikel closely misses you.
You barely miss Pikel.
Pikel is almost dead.
Pikel hits you with a whip of freezing.
You die...

#.# #.........# #.# #.........#
##### #.# ### #.........#
#..<#####.#####.# ##.########
................# #.#
....#####.#####.####.#
#########.# #.#..#.############
..........# #.K................
###############.@..).........####
#............#.#.#.#.....#
#.######...#...#.#.#.##..#
##'######...###.#.#.#.###.##
#.......#...#.....#.#.# #..#
####.......#####.#.###.#[####.##
...........# #.#...#.....##..#
############ #.###(###.#.###.#
#.........#.# #.##


You could see Pikel.

Vanquished Creatures
  The ghost of Watshisface the Insei, an amateur DsTm (D:3)
  A crocodile (Sewer)
  An orc wizard (D:3)
  An orc priest (D:4)
  2 worker ants (D:4)
  Robin (D:1)
  6 adders
  2 oozes (D:1)
  2 worms (D:2)
  A dart slug (D:1)
  3 giant geckos
  4 orcs (D:4)
  5 bats
  6 giant cockroaches
  10 hobgoblins
  11 jackals
  11 kobolds
  2 ball pythons
  5 giant newts
  19 goblins
  A quokka skeleton (D:4)
  6 rats
101 creatures vanquished.

Vanquished Creatures (others)
  A giant newt (D:1)
1 creature vanquished.

Grand Total: 102 creatures vanquished

Notes
Turn   | Place    | Note
--------------------------------------------------------------
     0 | D:1      | Kloppie the Minotaur Hunter began the quest for the Orb.
     0 | D:1      | Reached XP level 1. HP: 18/18 MP: 0/0
    10 | D:1      | Reached skill level 1 in Stealth
    56 | D:1      | Reached skill level 1 in Armour
   321 | D:1      | Reached XP level 2. HP: 22/25 MP: 1/1
   912 | D:1      | Reached XP level 3. HP: 30/30 MP: 2/2
   924 | D:1      | Reached skill level 1 in Maces & Flails
  1686 | D:2      | Found a shimmering altar of Xom.
  1864 | D:1      | Reached XP level 4. HP: 3/38 MP: 3/3
  1876 | D:1      | HP: 1/38 [poisoned by an adder]
  2332 | D:2      | Noticed Robin
  2363 | D:1      | Killed Robin
  2927 | D:2      | Found a glowing silver altar of Zin.
  3016 | D:2      | Found a burning altar of Makhleb.
  3465 | D:3      | Noticed Watshisface's ghost (amateur DsTm)
  3480 | D:3      | Killed Watshisface's ghost
  3480 | D:3      | Reached XP level 5. HP: 21/46 MP: 4/4
  3790 | D:3      | Found a sacrificial altar of Ru.
  4048 | D:4      | Found a glowing drain.
  4072 | Sewer    | Entered a sewer
  4110 | Sewer    | Noticed a crocodile
  4127 | Sewer    | Killed a crocodile
  4127 | Sewer    | Reached XP level 6. HP: 51/52 MP: 5/5
  4883 | D:4      | Noticed Pikel
  4883 | D:4      | Noticed a slave
  4883 | D:4      | Noticed a slave
  4883 | D:4      | Noticed a slave
  4884 | D:4      | Noticed a slave
  4919 | D:3      | HP: 2/52 [Pikel/whip of freezing (2)]
  4922 | D:3      | Slain by Pikel

Skill      XL: |  1  2  3  4  5  6 |
---------------+-------------------+-----
Stealth        | 1 2 3 4 |  4.0
Armour         | 1 2 |  2.4
Maces & Flails | 1 |  1.7
Fighting       | 3 4 |  4.1
Polearms       | 2 3 4 |  4.0
Bows           | |  4.3
Dodging        | |  2.1

Action                   |  1- 3 |  4- 6 || total
-------------------------+-------+-------++-------
Melee: Short sword       |    12 |       ||    12
       Headbutt          |    15 |    38 ||    53
       Club              |    88 |    39 ||   127
       Trident           |       |   211 ||   211
 Fire: Shortbow          |    10 |       ||    10
  Use: Potion            |     1 |     3 ||     4
       Scroll            |       |     5 ||     5
 Stab: Sleeping          |     2 |       ||     2
  Eat: Chunk             |     3 |    10 ||    13
Armor: Leather armour    |    11 |       ||    11
       Chain mail        |    28 |   147 ||   175
Dodge: Dodged            |    60 |    90 ||   150
